 Dungeon Crawl Stone Soup version 0.30.0-29-ga12c61a403 (webtiles) character file.

Game seed: 10063304036717352108

49288 qw the Blocker (level 14, -3/88 HPs)
             Began as a Gargoyle Fighter on June 5, 2023.
             Was a High Priest of Okawaru.
             Incinerated by a smoke demon (5 damage)
             ... with a sticky flame
             ... on level 5 of the Lair of Beasts.
             The game lasted 00:08:19 (16150 turns).

qw the Blocker (Gargoyle Fighter)                  Turns: 16150, Time: 00:08:19

Health: -3/88      AC: 40    Str: 31    XL:     14   Next: 50%
Magic:  19/21      EV:  9    Int:  9    God:    Okawaru [*****.]
Gold:   691        SH: 20    Dex:  9    Spells: 13/13 levels left

rFire   . . .        w - +0 war axe (vamp)
rCold   . . .        x - +0 tower shield
rNeg    + . .        m - +0 plate armour
rPois   inf          s - +2 helmet
rElec   +            e - +0 cloak
rCorr   .            a - +0 pair of gloves
SInv    .            n - +1 pair of boots
Will    +....        r - amulet of faith Stlth
                     y - +4 ring of protection
HPRegen 0.34/turn    q - +6 ring of strength
MPRegen 0.17/turn

%: faith
@: on fire, about to teleport, heroic, flying, glowing
A: sickness immunity, AC +10, big wings, negative energy resistance 1,
electricity resistance, torment resistance 1, petrification resistance
a: Renounce Religion, Heroism, Finesse, Duel


You were on level 5 of the Lair of Beasts.
You worshipped Okawaru.
Okawaru was extremely pleased with you.
You visited 3 branches of the dungeon, and saw 16 of its levels.

You collected 1854 gold pieces.
You spent 1163 gold pieces at shops.


Innate Abilities, Weirdness & Mutations

You are immune to sickness and miasma.
Your stone body is resilient. (AC +10)
You are immune to poison.
Your large and strong wings let you fly.
You resist negative energy. (rN+)
You are resistant to electric shocks. (rElec)
You are resistant to unholy torment.
You are immune to petrification.


   Skills:
 - Level 10.0(15.0) Fighting
 - Level 13.0(18.0) Axes
 - Level 3.6(8.6) Throwing
 - Level 9.0(14.0) Armour
 - Level 2.0(7.0) Dodging
 + Level 14.9(19.9) Shields
 - Level 10.0 Invocations


You had 13 spell levels left.
You didn't know any spells.
Your spell library was empty.

Inventory:

Hand Weapons
 p - a +0 morningstar
 u - a +1 broad axe of distortion
 w - a +0 vampiric war axe (weapon)
 Y - a +2 war axe of chaos
Armour
 a - a +0 pair of gloves (worn)
 e - a +0 cloak (worn)
 m - a +0 plate armour (worn)
 n - a +1 pair of boots (worn)
 s - a +2 helmet (worn)
 x - a +0 tower shield (worn)
Jewellery
 g - a ring of protection from cold
 o - a ring of protection from cold
 q - a +6 ring of strength (right hand)
 r - an amulet of faith (around neck)
 y - a +4 ring of protection (left hand)
 A - an amulet of reflection
 C - a ring of resist corrosion
Wands
 j - a wand of digging (4)
Scrolls
 f - a scroll of teleportation
 h - 3 scrolls of identify
Potions
 b - 3 potions of magic
 c - a potion of haste
 d - 6 potions of might
 i - 2 potions of mutation
 k - 2 potions of heal wounds
 l - a potion of lignification
 t - 2 potions of resistance
 v - 2 potions of attraction
 z - 2 potions of curing
 B - 2 potions of cancellation

Dungeon Overview and Level Annotations

Branches:
Dungeon (10/15)            Temple (1/1) D:7            Lair (5/5) D:10
 Shoals (0/4) Lair:2       Spider (0/4) Lair:3        Slime (0/5) Lair:4
    Orc (0/2) D:9

Altars:
Ashenzari
Cheibriados
Dithmenos
Elyvilon
Fedhas
Gozag
Hepliaklqana
Kikubaaqudgha
Makhleb
Nemelex Xobeh
Okawaru
Qazlal
Ru
Sif Muna
Trog
Uskayaw
Vehumet
Wu Jian
Xom
Yredelemnul
Zin
The Shining One

Shops:
D:2 (   D:4 =   D:7 =

Annotations:
D:3 1 runed translucent door, qw's ghost, amateur GrFi


Message History

You hit the smoke demon but do no damage.
You are engulfed in a cloud of scalding steam.
You block the red ugly thing's attack.
The blink frog blinks!
The smoke demon hits you but does no damage.
The smoke demon completely misses you. You block the smoke demon's attack.
You slash the red ugly thing!
You feel better.
The red ugly thing is severely wounded.
You closely miss the smoke demon.
You are engulfed in a cloud of scalding steam.
The red ugly thing barely misses you. The smoke demon gestures at you.
You block the sticky flame.
You closely miss the red ugly thing.
The red ugly thing is severely wounded.
You completely miss the smoke demon.
You are engulfed in a cloud of scalding steam.
The red ugly thing bites you but does no damage.
The blink frog blinks!
You block the smoke demon's attack. The smoke demon hits you.
You block the smoke demon's attack.
You slash the red ugly thing!
You feel better.
The red ugly thing is almost dead.
You slash the smoke demon!
You are engulfed in a cloud of scalding steam.
The red ugly thing bites you.
You are engulfed in flames!
The smoke demon gestures at you. The sticky flame hits you!
You are covered in liquid flames!
16149 ||| INVOKING Heroism.
You gain the combat prowess of a mighty hero.
You are covered in liquid flames!
The red ugly thing bites you!
You are engulfed in flames!!
You block the smoke demon's attack.
The smoke demon hits you but does no damage.
You block the smoke demon's attack.
16150 ||| READING 2 scrolls of teleportation.
As you read the scroll of teleportation, it crumbles to dust.
You feel strangely unstable.
You are engulfed in a cloud of scalding steam.
You are covered in liquid flames!
You die... 7....7 77777

777..77 .... 77..7
7... . 7..7 77...
.. 77.7 77...
...77 77.7 7777.hF
.....777..7
77...u37
7.....7..7
7...ยค%@77
7...%...7
....77...777
77777..77 .
777...77777777...7
77.......77.%.77
7.7...%....%..77
7.......7..777
7.777.7777..7


77 777 7777 You could see a red ugly thing, a smoke demon, a blink frog and a
warg.

Vanquished Creatures
  Gastronok (Lair:2)
  Fannar (Lair:2)
  2 hydras
  10 death yaks (Lair:5)
  10 elephants
  Joseph (D:9)
  10 cane toads
  6 black mambas
  7 komodo dragons
  2 trolls
  A hornet (D:7)
  A polar bear (shapeshifter) (Lair:5)
  3 polar bears
  9 blink frogs (Lair:5)
  12 dream sheep
  A wraith (D:10)
  A shadow (D:9)
  30 yaks
  7 wyverns
  6 basilisks
  2 steam dragons
  A redback (Lair:3)
  Menkaure (D:6)
  A swamp worm (shapeshifter) (Lair:5)
  Edmund (D:6)
  14 water moccasins
  Duvessa (D:6)
  2 orc warriors
  3 black bears
  A swamp drake (D:10)
  3 ice beasts (D:6)
  3 ogres
  A phantom (D:5)
  15 bullfrogs
  2 kobold brigands
  3 gnoll sergeants
  3 scorpions
  13 wights
  Dowan (D:6)
  6 killer bees (D:8)
  8 electric eels
  3 howler monkeys
  4 small abominations (Lair:5)
  A gnoll bouda (D:7)
  4 jellies
  7 hounds
  3 orc priests
  2 sleepcaps
  Jessica (D:2)
  4 iguanas
  4 orc wizards
  16 gnolls
  9 adders
  2 white imps
  An ufetubus (D:6)
  2 worms
  4 dart slugs
  28 orcs
  16 endoplasms
  3 giant cockroaches
  11 goblins
  6 hobgoblins
  4 jackals
  22 kobolds
  3 quokkas
  10 ball pythons
  7 bats
  8 frilled lizards
  4 rats
395 creatures vanquished.

Vanquished Creatures (others)
  A yak (D:10)
1 creature vanquished.

Grand Total: 396 creatures vanquished

Notes
Turn   | Place    | Note
-------+----------+-------------------------------------------
     0 | D:1      | qw the Gargoyle Fighter began the quest for the Orb.
     0 | D:1      | Reached XP level 1. HP: 14/14 MP: 1/1
     0 | D:1      | 0 ||| qw: Version: 0.2-a-108-gee2c290
     0 | D:1      | 0 ||| qw: Game counter: 1348
     0 | D:1      | 0 ||| qw: Always use a shield: true
     0 | D:1      | 0 ||| qw: God list: Okawaru
     0 | D:1      | 0 ||| qw: Allow faded altars: false
     0 | D:1      | 0 ||| qw: Do Orc after D:15 true
     0 | D:1      | 0 ||| qw: Do second Lair branch before Depths: true
     0 | D:1      | 0 ||| qw: Lair rune preference: random
     0 | D:1      | 0 ||| qw: Plans: Normal, Zot:1-4, Slime:5, God:TSO, Crypt,
                  | Tomb, Abyss, Pan, Hells, Win
     0 | D:1      | 0 ||| PLANNING D:1-11
   242 | D:1      | Reached XP level 2. HP: 19/19 MP: 2/2
   592 | D:1      | Reached skill level 3 in Axes
   719 | D:1      | Reached XP level 3. HP: 23/23 MP: 3/3
  1206 | D:1      | 1206 ||| UPGRADING to +0 plate armour.
  1216 | D:1      | 1216 ||| DROPPING +0 scale mail.
  1217 | D:1      | 1217 ||| UPGRADING to amulet of guardian spirit.
  1222 | D:1      | 1222 ||| UPGRADING to ring of resist corrosion.
  1223 | D:1      | 1223 ||| READING 2 scrolls labelled TOMPUTWUESCH.
  1224 | D:1      | 1224 ||| READING scroll labelled NOHAIF YLAOKH.
  1225 | D:1      | 1225 ||| READING 2 scrolls labelled ROBORA LOZAWU.
  1226 | D:1      | 1226 ||| READING scroll labelled BUUMUU NUGG.
  1227 | D:1      | 1227 ||| READING scroll labelled FEEMIM JOMPUA.
  1227 | D:1      | Identified a scroll of acquirement
  1227 | D:1      | 1227 ||| ACQUIRING 642 gold pieces
  1227 | D:1      | Acquired 642 gold pieces
  1229 | D:1      | 1229 ||| DROPPING scroll of magic mapping.
  1377 | D:2      | Reached XP level 4. HP: 25/28 MP: 4/4
  1403 | D:2      | Found Weynufe's Antique Weapon Emporium.
  1414 | D:2      | 1414 ||| BUYING flail (73 gold).
  1414 | D:2      | Bought a flail for 73 gold pieces
  1414 | D:2      | 1414 ||| DROPPING +0 club.
  1443 | D:2      | Noticed Jessica
  1444 | D:2      | 1444 ||| Stepping ~*~*~tactically~*~*~ (hiding).
  1446 | D:2      | 1446 ||| Stepping ~*~*~tactically~*~*~ (hiding).
  1447 | D:2      | 1447 ||| Stepping ~*~*~tactically~*~*~ (hiding).
  1448 | D:2      | 1448 ||| Stepping ~*~*~tactically~*~*~ (hiding).
  1453 | D:2      | Killed Jessica
  1551 | D:2      | 1551 ||| Stepping ~*~*~tactically~*~*~ (stealth).
  1552 | D:2      | 1552 ||| Stepping ~*~*~tactically~*~*~ (stealth).
  1688 | D:2      | 1688 ||| Stepping ~*~*~tactically~*~*~ (stealth).
  1689 | D:2      | 1689 ||| Stepping ~*~*~tactically~*~*~ (stealth).
  1794 | D:2      | Reached XP level 5. HP: 32/32 MP: 5/5
  2089 | D:2      | 2089 ||| READING scroll labelled TYMAKHLO HOTE.
  2208 | D:3      | 2208 ||| Stepping ~*~*~tactically~*~*~ (stealth).
  2270 | D:3      | Found a runed translucent door.
  2276 | D:3      | Noticed qw's ghost (amateur GrFi)
  2406 | D:3      | Found a glowing golden altar of the Shining One.
  2876 | D:3      | Found a basalt altar of Yredelemnul.
  2878 | D:3      | Noticed a profane servitor
  3120 | D:3      | Noticed an angel
  3138 | D:3      | 3138 ||| READING scroll labelled WACIMNULUE.
  3139 | D:3      | 3139 ||| READING scroll labelled KIOCSO TUHORO.
  3240 | D:3      | 3240 ||| READING 4 scrolls of identify.
  3240 | D:3      | 3240 ||| IDENTIFYING viscous grey potion
  3241 | D:3      | 3241 ||| READING 3 scrolls of identify.
  3241 | D:3      | 3241 ||| IDENTIFYING emerald potion
  3242 | D:3      | 3242 ||| READING 2 scrolls of identify.
  3242 | D:3      | 3242 ||| IDENTIFYING murky white potion
  3243 | D:3      | 3243 ||| DROPPING potion of ambrosia.
  3376 | D:4      | Noticed an ogre
  3379 | D:4      | 3379 ||| Stepping ~*~*~tactically~*~*~ (stealth).
  3384 | D:4      | Killed an ogre
  3385 | D:4      | Reached XP level 6. HP: 19/38 MP: 2/6
  3388 | D:4      | 3388 ||| FLEEEEING.
  3390 | D:4      | 3390 ||| FLEEEEING.
  3391 | D:4      | 3391 ||| FLEEEEING.
  3393 | D:4      | 3393 ||| FLEEEEING.
  3394 | D:4      | 3394 ||| FLEEEEING.
  3416 | D:4      | 3416 ||| FLEEEEING.
  3417 | D:4      | 3417 ||| FLEEEEING.
  3418 | D:4      | 3418 ||| FLEEEEING.
  3419 | D:4      | 3419 ||| FLEEEEING.
  3420 | D:4      | 3420 ||| FLEEEEING.
  3422 | D:4      | 3422 ||| FLEEEEING.
  3423 | D:4      | 3423 ||| FLEEEEING.
  3424 | D:4      | 3424 ||| FLEEEEING.
  3425 | D:4      | 3425 ||| FLEEEEING.
  3426 | D:4      | 3426 ||| FLEEEEING.
  3427 | D:4      | 3427 ||| STAIRDANCE
  3483 | D:3      | 3483 ||| UPGRADING to +0 helmet of intelligence.
  3579 | D:4      | 3579 ||| Stepping ~*~*~tactically~*~*~ (stealth).
  3617 | D:4      | 3617 ||| Stepping ~*~*~tactically~*~*~ (stealth).
  3623 | D:4      | Reached skill level 6 in Axes
  3623 | D:4      | 3623 ||| Stepping ~*~*~tactically~*~*~ (hiding).
  3712 | D:4      | 3712 ||| READING scroll labelled PALOZX FAIGUUCOI.
  3759 | D:5      | Entered Level 5 of the Dungeon
  3795 | D:5      | Reached XP level 7. HP: 23/43 MP: 3/7
  3837 | D:5      | 3837 ||| Stepping ~*~*~tactically~*~*~ (stealth).
  3914 | D:5      | 3914 ||| Stepping ~*~*~tactically~*~*~ (stealth).
  4004 | D:5      | 4004 ||| READING scroll labelled PAKHLI TEIXAIMU.
  4031 | D:5      | Identified the +0 leather armour of the Dropbear {rC+}
  4071 | D:5      | 4071 ||| STAIRDANCE
  4224 | D:5      | 4224 ||| Stepping ~*~*~tactically~*~*~ (stealth).
  4236 | D:5      | 4236 ||| Stepping ~*~*~tactically~*~*~ (hiding).
  4292 | D:5      | Identified the +0 leather armour "Bokann" {rElec rC+ MP+9
                  | Int-3}
  4307 | D:5      | 4307 ||| STAIRDANCE
  4352 | D:4      | Found Ilablun's Jewellery Shop.
  4356 | D:4      | 4356 ||| BUYING +6 ring of strength (360 gold).
  4356 | D:4      | Bought a +6 ring of strength for 360 gold pieces
  4356 | D:4      | 4356 ||| BUYING amulet of faith (400 gold).
  4356 | D:4      | Bought an amulet of faith for 400 gold pieces
  4356 | D:4      | 4356 ||| SHOPLISTING amulet of regeneration (300 gold, have
                  | 98).
  4356 | D:4      | 4356 ||| SHOPLISTING amulet of the Nice Plum {Acrobat rPois
                  | Regen+ Int-4} (328 gold, have 98).
  4356 | D:4      | 4356 ||| SHOPLISTING ring of fire (250 gold, have 98).
  4356 | D:4      | 4356 ||| SHOPLISTING ring of ice (250 gold, have 98).
  4356 | D:4      | 4356 ||| SHOPLISTING ring of protection from fire (250
                  | gold, have 98).
  4419 | D:4      | 4419 ||| Stepping ~*~*~tactically~*~*~ (hiding).
  4439 | D:4      | 4439 ||| DRINKING 3 potions of curing.
  4439 | D:4      | 4439 ||| (to cure confusion)
  4443 | D:4      | 4443 ||| DRINKING 2 potions of curing.
  4443 | D:4      | 4443 ||| (to cure confusion)
  4561 | D:4      | 4561 ||| Stepping ~*~*~tactically~*~*~ (stealth).
  4581 | D:4      | Reached XP level 8. HP: 44/49 MP: 6/8
  4748 | D:4      | Reached skill level 1 in Dodging
  4760 | D:4      | 4760 ||| READING scroll of enchant armour.
  4760 | D:4      | 4760 ||| ENCHANTING +0 helmet of intelligence.
  4835 | D:4      | 4835 ||| UPGRADING to amulet of faith.
  4845 | D:4      | 4845 ||| DROPPING amulet of guardian spirit.
  4846 | D:4      | 4846 ||| UPGRADING to +6 ring of strength.
  4847 | D:4      | 4847 ||| DROPPING ring of wizardry.
  4848 | D:4      | 4848 ||| READING scroll labelled SAGOUSY SIGOLL.
  4849 | D:4      | 4849 ||| DRINKING 2 puce potions.
  4850 | D:4      | 4850 ||| DRINKING 2 metallic emerald potions.
  4851 | D:4      | 4851 ||| READING 2 scrolls of identify.
  4851 | D:4      | 4851 ||| IDENTIFYING fizzy red potion
  5096 | D:5      | 5096 ||| Stepping ~*~*~tactically~*~*~ (hiding).
  5097 | D:5      | 5097 ||| Stepping ~*~*~tactically~*~*~ (hiding).
  5098 | D:5      | 5098 ||| Stepping ~*~*~tactically~*~*~ (hiding).
  5120 | D:5      | 5120 ||| Stepping ~*~*~tactically~*~*~ (stealth).
  5122 | D:5      | 5122 ||| FLEEEEING.
  5123 | D:5      | 5123 ||| FLEEEEING.
  5129 | D:5      | 5129 ||| FLEEEEING.
  5130 | D:5      | 5130 ||| FLEEEEING.
  5131 | D:5      | 5131 ||| FLEEEEING.
  5132 | D:5      | 5132 ||| FLEEEEING.
  5191 | D:5      | 5191 ||| Stepping ~*~*~tactically~*~*~ (stealth).
  5204 | D:5      | 5204 ||| Stepping ~*~*~tactically~*~*~ (hiding).
  5282 | D:5      | 5282 ||| DROPPING +0 flail.
  5371 | D:5      | 5371 ||| READING scroll labelled PIFUNL XYSIG.
  5386 | D:6      | Noticed Edmund
  5391 | D:6      | 5391 ||| DRINKING potion of cancellation.
  5397 | D:6      | Killed Edmund
  5398 | D:6      | Reached skill level 6 in Fighting
  5607 | D:6      | Found a broken altar of Ashenzari.
  5668 | D:6      | Noticed Dowan
  5669 | D:6      | Noticed Duvessa
  5669 | D:6      | 5669 ||| Stepping ~*~*~tactically~*~*~ (stealth).
  5672 | D:6      | 5672 ||| Stepping ~*~*~tactically~*~*~ (hiding).
  5673 | D:6      | 5673 ||| Stepping ~*~*~tactically~*~*~ (hiding).
  5674 | D:6      | 5674 ||| Stepping ~*~*~tactically~*~*~ (hiding).
  5688 | D:6      | Killed Duvessa
  5689 | D:6      | Reached XP level 9. HP: 28/56 MP: 9/9
  5697 | D:6      | Killed Dowan
  5698 | D:6      | Reached skill level 9 in Axes
  5902 | D:6      | 5902 ||| DRINKING potion of curing.
  5902 | D:6      | 5902 ||| (to cure confusion)
  5910 | D:6      | Reached skill level 4 in Shields
  6110 | D:6      | Noticed Menkaure
  6112 | D:6      | 6112 ||| FLEEEEING.
  6113 | D:6      | 6113 ||| FLEEEEING.
  6114 | D:6      | 6114 ||| FLEEEEING.
  6115 | D:6      | 6115 ||| FLEEEEING.
  6116 | D:6      | 6116 ||| FLEEEEING.
  6117 | D:6      | 6117 ||| FLEEEEING.
  6118 | D:6      | 6118 ||| FLEEEEING.
  6119 | D:6      | 6119 ||| FLEEEEING.
  6120 | D:6      | 6120 ||| FLEEEEING.
  6132 | D:6      | Killed Menkaure
  6153 | D:6      | 6153 ||| FLEEEEING.
  6160 | D:6      | 6160 ||| STAIRDANCE
  6246 | D:5      | 6246 ||| UPGRADING to +0 pair of gloves.
  6251 | D:5      | 6251 ||| READING 2 scrolls of identify.
  6251 | D:5      | 6251 ||| IDENTIFYING green potion
  6281 | D:6      | Found a radiant altar of Vehumet.
  6281 | D:6      | Found a hazy altar of Hepliaklqana.
  6305 | D:6      | 6305 ||| Stepping ~*~*~tactically~*~*~ (hiding).
  6306 | D:6      | 6306 ||| Stepping ~*~*~tactically~*~*~ (hiding).
  6500 | D:6      | Found a blossoming altar of Fedhas.
  6639 | D:6      | 6639 ||| Stepping ~*~*~tactically~*~*~ (stealth).
  6647 | D:6      | 6647 ||| UPGRADING to +0 pair of boots.
  6701 | D:7      | Reached skill level 6 in Armour
  6764 | D:7      | Identified the +9 sling of the Boiling Point {elec, rPois
                  | rF+ Str+2}
  6765 | D:7      | Found a staircase to the Ecumenical Temple.
  6766 | D:7      | 6766 ||| PLANNING TEMPLE
  6772 | Temple   | Entered the Ecumenical Temple
  6778 | Temple   | 6778 ||| PLANNING OKAWARU WORSHIP
  6872 | Temple   | Became a worshipper of Warmaster Okawaru
  6872 | Temple   | 6872 ||| PLANNING D:1-11
  7087 | D:7      | 7087 ||| Stepping ~*~*~tactically~*~*~ (hiding).
  7088 | D:7      | 7088 ||| Stepping ~*~*~tactically~*~*~ (hiding).
  7091 | D:7      | 7091 ||| Stepping ~*~*~tactically~*~*~ (hiding).
  7268 | D:7      | Found Daonimpuaci's Jewellery Shop.
  7280 | D:7      | 7280 ||| SHOPLISTING +4 ring of protection (396 gold, have
                  | 356).
  7280 | D:7      | 7280 ||| SHOPLISTING +4 ring of slaying (858 gold, have
                  | 356).
  7280 | D:7      | 7280 ||| BUYING amulet of reflection (330 gold).
  7280 | D:7      | Bought an amulet of reflection for 330 gold pieces
  7291 | D:7      | Reached skill level 1 in Throwing
  7364 | D:7      | 7364 ||| Stepping ~*~*~tactically~*~*~ (stealth).
  7387 | D:7      | Reached * piety under Okawaru
  7549 | D:7      | Found a snail-covered altar of Cheibriados.
  7588 | D:7      | Noticed a hornet
  7593 | D:7      | 7593 ||| INVOKING Heroism.
  7598 | D:7      | Killed a hornet
  7599 | D:7      | Reached XP level 10. HP: 38/63 MP: 7/10
  7723 | D:7      | 7723 ||| DROPPING ring of positive energy.
  7724 | D:7      | 7724 ||| UPGRADING to +4 ring of protection.
  7726 | D:7      | 7726 ||| READING 2 scrolls of identify.
  7726 | D:7      | 7726 ||| IDENTIFYING coppery potion
  7727 | D:7      | 7727 ||| DROPPING potion of brilliance.
  7768 | D:8      | Found a sacrificial altar of Ru.
  7909 | D:8      | 7909 ||| Stepping ~*~*~tactically~*~*~ (stealth).
  7919 | D:8      | 7919 ||| INVOKING Heroism.
  7924 | D:8      | Reached skill level 1 in Invocations
  7932 | D:8      | 7932 ||| INVOKING Heroism.
  8158 | D:8      | 8158 ||| INVOKING Heroism.
  8401 | D:8      | 8401 ||| INVOKING Heroism.
  8454 | D:8      | 8454 ||| Stepping ~*~*~tactically~*~*~ (stealth).
  8532 | D:8      | 8532 ||| Stepping ~*~*~tactically~*~*~ (stealth).
  8592 | D:8      | 8592 ||| Stepping ~*~*~tactically~*~*~ (stealth).
  8706 | D:8      | Reached skill level 3 in Invocations
  8899 | D:8      | Found a shimmering blue altar of Sif Muna.
  9144 | D:8      | 9144 ||| UPGRADING to +2 helmet.
  9154 | D:8      | 9154 ||| DROPPING +1 helmet of intelligence.
  9155 | D:8      | 9155 ||| READING scroll labelled SYAKAS FENLUS.
  9156 | D:8      | 9156 ||| DRINKING 2 grey potions.
  9228 | D:9      | 9228 ||| INVOKING Heroism.
  9405 | D:9      | 9405 ||| Stepping ~*~*~tactically~*~*~ (hiding).
  9406 | D:9      | 9406 ||| Stepping ~*~*~tactically~*~*~ (hiding).
  9461 | D:9      | Noticed Joseph
  9462 | D:9      | 9462 ||| Stepping ~*~*~tactically~*~*~ (hiding).
  9487 | D:9      | 9487 ||| INVOKING Heroism.
  9488 | D:9      | Killed Joseph
  9489 | D:9      | Reached skill level 3 in Throwing
  9604 | D:9      | Reached skill level 5 in Shields
  9610 | D:9      | 9610 ||| INVOKING Heroism.
  9802 | D:9      | Found a staircase to the Orcish Mines.
 10036 | D:9      | 10036 ||| READING scroll labelled JAISTR VUTWONGA.
 10073 | D:10     | Entered Level 10 of the Dungeon
 10136 | D:10     | Reached ** piety under Okawaru
 10273 | D:10     | 10273 ||| INVOKING Heroism.
 10282 | D:10     | Reached XP level 11. HP: 36/68 MP: 12/14
 10597 | D:10     | 10597 ||| Stepping ~*~*~tactically~*~*~ (stealth).
 10598 | D:10     | 10598 ||| INVOKING Heroism.
 10610 | D:10     | 10610 ||| Stepping ~*~*~tactically~*~*~ (stealth).
 10902 | D:10     | Found a shimmering altar of Xom.
 11002 | D:10     | 11002 ||| Stepping ~*~*~tactically~*~*~ (hiding).
 11060 | D:10     | 11060 ||| INVOKING Heroism.
 11067 | D:10     | Reached skill level 9 in Fighting
 11079 | D:10     | Reached *** piety under Okawaru
 11163 | D:10     | Found a staircase to the Lair.
 11226 | D:10     | 11226 ||| PLANNING LAIR
 11226 | D:10     | 11226 ||| UPGRADING to +0 kite shield.
 11236 | D:10     | 11236 ||| DROPPING +0 buckler.
 11237 | D:10     | 11237 ||| UPGRADING to +0 tower shield.
 11247 | D:10     | 11247 ||| DROPPING +0 kite shield.
 11248 | D:10     | 11248 ||| DRINKING 2 white potions.
 11249 | D:10     | 11249 ||| READING 2 scrolls of identify.
 11249 | D:10     | 11249 ||| IDENTIFYING dark potion
 11250 | D:10     | 11250 ||| DROPPING potion of invisibility.
 11251 | D:10     | 11251 ||| DROPPING potion of flight.
 11268 | Lair:1   | Entered Level 1 of the Lair of Beasts
 11293 | Lair:1   | 11293 ||| INVOKING Heroism.
 11294 | Lair:1   | 11294 ||| Stepping ~*~*~tactically~*~*~ (stealth).
 11296 | Lair:1   | 11296 ||| Stepping ~*~*~tactically~*~*~ (stealth).
 11368 | Lair:1   | 11368 ||| INVOKING Heroism.
 11381 | Lair:1   | Reached skill level 6 in Shields
 11443 | Lair:1   | 11443 ||| INVOKING Heroism.
 11478 | Lair:1   | 11478 ||| INVOKING Heroism.
 11551 | Lair:1   | 11551 ||| Stepping ~*~*~tactically~*~*~ (stealth).
 11553 | Lair:1   | 11553 ||| INVOKING Heroism.
 11562 | Lair:1   | Reached skill level 7 in Shields
 11608 | Lair:1   | 11608 ||| INVOKING Heroism.
 11615 | Lair:1   | 11615 ||| READING scroll labelled VOIRCH HOEXISHRY.
 11618 | Lair:1   | Received a gift from Okawaru
 11632 | Lair:1   | HP: 17/71 [electric eel/bolt of electricity (2)]
 11633 | Lair:1   | 11633 ||| READING 3 scrolls of teleportation.
 11634 | Lair:1   | 11634 ||| DRINKING 2 potions of heal wounds.
 11637 | Lair:1   | 11637 ||| READING scroll labelled UDGHAY LOFF.
 11698 | Lair:1   | 11698 ||| FLEEEEING.
 11699 | Lair:1   | 11699 ||| INVOKING Heroism.
 11909 | Lair:1   | 11909 ||| INVOKING Heroism.
 11917 | Lair:1   | Reached skill level 8 in Shields
 11939 | Lair:1   | 11939 ||| Stepping ~*~*~tactically~*~*~ (stealth).
 11951 | Lair:1   | Reached **** piety under Okawaru
 11960 | Lair:1   | Reached skill level 9 in Shields
 11960 | Lair:1   | Reached XP level 12. HP: 76/76 MP: 15/15
 11968 | Lair:1   | 11968 ||| INVOKING Heroism.
 12235 | Lair:1   | 12235 ||| INVOKING Heroism.
 12513 | Lair:1   | 12513 ||| READING 3 scrolls of identify.
 12513 | Lair:1   | 12513 ||| IDENTIFYING glowing silvery potion
 12514 | Lair:1   | 12514 ||| DRINKING potion of experience.
 12514 | Lair:1   | Reached skill level 11 in Shields
 12514 | Lair:1   | Reached XP level 13. HP: 80/80 MP: 16/19
 12532 | Lair:1   | 12532 ||| READING 2 scrolls of identify.
 12532 | Lair:1   | 12532 ||| IDENTIFYING amethyst potion
 12533 | Lair:1   | 12533 ||| DROPPING potion of degeneration.
 12585 | Lair:2   | 12585 ||| INVOKING Heroism.
 12884 | Lair:2   | Reached skill level 9 in Invocations
 12946 | Lair:2   | 12946 ||| Stepping ~*~*~tactically~*~*~ (stealth).
 12948 | Lair:2   | 12948 ||| INVOKING Heroism.
 12957 | Lair:2   | Received a gift from Okawaru
 12959 | Lair:2   | Reached skill level 12 in Shields
 12999 | Lair:2   | Noticed Gastronok
 13000 | Lair:2   | 13000 ||| Stepping ~*~*~tactically~*~*~ (hiding).
 13003 | Lair:2   | 13003 ||| INVOKING Heroism.
 13018 | Lair:2   | Killed Gastronok
 13020 | Lair:2   | 13020 ||| SWAPPING to +2 flail of protection.
 13025 | Lair:2   | 13025 ||| SWAPPING to +1 war axe of chaos.
 13169 | Lair:2   | Found a staircase to the Shoals.
 13307 | Lair:2   | 13307 ||| Stepping ~*~*~tactically~*~*~ (stealth).
 13381 | Lair:2   | 13381 ||| READING scroll of enchant weapon.
 13381 | Lair:2   | 13381 ||| ENCHANTING +1 war axe of chaos.
 13813 | Lair:2   | 13813 ||| UPGRADING to +1 pair of boots.
 13823 | Lair:2   | 13823 ||| DROPPING +0 pair of boots.
 13824 | Lair:2   | 13824 ||| DRINKING 2 golden potions.
 13825 | Lair:2   | 13825 ||| READING 2 scrolls of identify.
 13825 | Lair:2   | 13825 ||| IDENTIFYING sedimented black potion
 13826 | Lair:2   | 13826 ||| DROPPING potion of berserk rage.
 13886 | Lair:3   | 13886 ||| INVOKING Heroism.
 13951 | Lair:3   | You fall into a shaft and drop 1 floor!
 14120 | Lair:4   | Found a staircase to the Slime Pits.
 14152 | Lair:4   | 14152 ||| UPGRADING to +0 cloak.
 14215 | Lair:3   | Received a gift from Okawaru
 14300 | Lair:3   | Noticed Fannar
 14305 | Lair:3   | 14305 ||| STAIRDANCE
 14313 | Lair:2   | 14313 ||| INVOKING Heroism.
 14316 | Lair:2   | Killed Fannar
 14317 | Lair:2   | Reached skill level 13 in Shields
 14425 | Lair:3   | Found a hole to the Spider Nest.
 14498 | Lair:3   | 14498 ||| DROPPING +2 flail of protection.
 14517 | Lair:3   | 14517 ||| Stepping ~*~*~tactically~*~*~ (stealth).
 14944 | Lair:4   | 14944 ||| Stepping ~*~*~tactically~*~*~ (stealth).
 14958 | Lair:4   | Reached ***** piety under Okawaru
 15231 | Lair:4   | Received a gift from Okawaru
 15427 | Lair:5   | Entered Level 5 of the Lair of Beasts
 15428 | Lair:5   | 15428 ||| INVOKING Heroism.
 15429 | Lair:5   | 15429 ||| Stepping ~*~*~tactically~*~*~ (stealth).
 15443 | Lair:5   | Reached skill level 14 in Shields
 15459 | Lair:5   | 15459 ||| INVOKING Heroism.
 15543 | Lair:5   | Reached skill level 9 in Armour
 15549 | Lair:5   | 15549 ||| INVOKING Heroism.
 15550 | Lair:5   | 15550 ||| INVOKING Finesse.
 15573 | Lair:5   | Reached skill level 12 in Axes
 15573 | Lair:5   | Gained mutation: Your large and strong wings let you fly.
                  | [Gargoyle growth]
 15573 | Lair:5   | Reached XP level 14. HP: 86/86 MP: 14/21
 15614 | Lair:5   | Received a gift from Okawaru
 15629 | Lair:5   | 15629 ||| INVOKING Heroism.
 15650 | Lair:5   | 15650 ||| SWAPPING to +0 morningstar.
 15664 | Lair:5   | 15664 ||| SWAPPING to +2 war axe of chaos.
 15818 | Lair:5   | 15818 ||| SWAPPING to +0 vampiric war axe.
 15866 | Lair:5   | 15866 ||| Stepping ~*~*~tactically~*~*~ (stealth).
 15867 | Lair:5   | 15867 ||| Stepping ~*~*~tactically~*~*~ (stealth).
 15868 | Lair:5   | 15868 ||| Stepping ~*~*~tactically~*~*~ (stealth).
 16055 | Lair:5   | 16055 ||| Stepping ~*~*~tactically~*~*~ (stealth).
 16065 | Lair:5   | 16065 ||| Stepping ~*~*~tactically~*~*~ (stealth).
 16083 | Lair:5   | Received a gift from Okawaru
 16112 | Lair:5   | 16112 ||| Stepping ~*~*~tactically~*~*~ (stealth).
 16149 | Lair:5   | 16149 ||| INVOKING Heroism.
 16149 | Lair:5   | HP: 2/88 [red ugly thing (23)]
 16150 | Lair:5   | 16150 ||| READING 2 scrolls of teleportation.
 16150 | Lair:5   | Incinerated by a smoke demon

Levels and vault maps discovered:
D:1:      nicolae_arrival_somewhat_less_tricky_arrival, layout_basic,
          serial_bayou_pond_e
D:2:      layout_basic, serial_shops, nicolae_shop_crystal, uniq_jessica,
          uniq_crazy_yiuf_cottage
D:3:      minmay_inner_zag, layout_basic, grunt_temple_overflow_holy_war,
          ebering_ghost_sewer_d
D:4:      cheibrodos_fertilizer, layout_loops_cross, serial_shops,
          nicolae_shop_gaudy_bauble, roderic_roman_lattice, glass_columns_a
D:5:      layout_loops_cross
D:6:      layout_gridville, fedhas_bush_and_centaur_altar,
          nicolae_ashenzari_panopticon, gammafunk_temple_overflow_elements,
          uniq_menkaure, uniq_edmund, uniq_duvessa
D:7:      layout_gridville, kennysheep_slug_shrine, temple_green,
          minmay_shop_enchanted_jewellery
D:8:      minmay_skewed_foursquare, layout_loops_corners,
          nicolae_sif_muna_little_library, amcnicky_altar_gilded
D:9:      layout_loops_ring, orc_0_dummy, minmay_misc_feat_square, uniq_joseph
D:10:     layout_cave_pods, mainiacjoe_overflow_concentric_impassable,
          erik_lair_dragon
Temple:   nicolae_temple_hex_pool
Lair:1:   layout_roguey, nicolae_lair_liquid_snakes, grunt_megastairs_2
Lair:2:   layout_layer_cave, elwin_shoals_entry_rocks, lemuel_old_faithful,
          uniq_gastronok
Lair:3:   layout_misc_corridors, spider_nest_entry_rubble, serial_bayou_lake_a,
          uniq_fannar
Lair:4:   layout_gridlike, slime_entry_1
Lair:5:   hellmonk_lair_end_abyssal_woods, layout_regular_city,
          serial_bayou_shore_a, grunt_megastairs_5

Skill      XL: |  1  2  3  4  5  6  7  8  9 10 11 12 13 14 |
---------------+-------------------------------------------+-----
Axes           | 2 3 4 5 6 7 8 10 11 12 13 | 13.0
Fighting       | 4 5 6 7 8 9 10 | 10.0
Armour         | 4 5 6 7 8 9 |  9.0
Dodging        | 1 2 |  2.0
Shields        | 4 5 9 11 14 | 14.9
Throwing       | 2 3 |  3.6
Invocations    | 4 8 10 | 10.0

Action                     |  1- 3 |  4- 6 |  7- 9 | 10-12 | 13-15 || total
---------------------------+-------+-------+-------+-------+-------++-------
  Melee: War axe           |   143 |   166 |   364 |   457 |   428 ||  1558
         Flail             |       |       |       |       |     4 ||     4
         Morningstar       |       |       |       |       |    13 ||    13
  Throw: Javelin           |       |       |     3 |    35 |       ||    38
         Boomerang         |       |       |     1 |     8 |    13 ||    22
 Invoke: Heroism           |       |       |     1 |    20 |    10 ||    31
         Finesse           |       |       |       |       |     1 ||     1
    Use: Scroll            |     5 |     7 |     6 |     8 |     4 ||    30
         Potion            |       |       |     6 |     4 |     1 ||    11
   Stab: Confused          |       |       |       |     2 |     2 ||     4
         Petrifying        |       |       |       |       |     4 ||     4
 Armour: Scale mail        |    55 |       |       |       |       ||    55
         Plate armour      |    34 |   113 |   259 |   247 |   187 ||   840
  Dodge: Dodged            |    62 |    54 |   117 |   127 |    76 ||   436
  Block: Buckler           |    26 |    29 |    62 |    58 |       ||   175
         Tower shield      |       |       |       |    81 |   328 ||   409

Table legend:
 A = Non-vault XP
 B = Vault XP
 C = Vault XP percentage of total XP
 D = Non-vault monster count
 E = Vault monster count
 F = Vault count percentage of total count
                 A         B        C        D         E       F
            +---------+---------+-------+---------+---------+-------
      Total |   45068 |   10171 |  18.4 |     330 |      68 |  17.1
            +---------+---------+-------+---------+---------+-------
        D:1 |      56 |       0 |   0.0 |      32 |       0 |   0.0
        D:2 |      74 |      37 |  33.3 |      22 |       1 |   4.3
        D:3 |     121 |      12 |   9.0 |      18 |       6 |  25.0
        D:4 |     553 |      70 |  11.2 |      25 |      15 |  37.5
        D:5 |     878 |       0 |   0.0 |      19 |       0 |   0.0
        D:6 |    1028 |     546 |  34.7 |      17 |       4 |  19.0
        D:7 |    1427 |       4 |   0.3 |      23 |       1 |   4.2
        D:8 |     911 |     685 |  42.9 |      24 |       7 |  22.6
        D:9 |    1186 |     481 |  28.9 |      18 |       1 |   5.3
       D:10 |    4044 |    1110 |  21.5 |      27 |       5 |  15.6
     Lair:1 |    6770 |     848 |  11.1 |      26 |       8 |  23.5
     Lair:2 |    3810 |    2435 |  39.0 |      13 |       2 |  13.3
     Lair:3 |    2153 |     184 |   7.9 |      10 |       1 |   9.1
     Lair:4 |    2593 |       0 |   0.0 |      11 |       0 |   0.0
     Lair:5 |   19464 |    3759 |  16.2 |      45 |      17 |  27.4
            +---------+---------+-------+---------+---------+-------
